 Dungeon Crawl Stone Soup version 0.17-a0-227-gf5308cc (webtiles) character file.

168 Ngotmuk the Skirmisher (level 5, 0/42 HPs)
             Began as a Merfolk Fighter on Mar 30, 2015.
             Was a Follower of Okawaru.
             Killed by divine providence
             ... invoked by an orc priest
              (11 damage)
             ... on level 3 of the Dungeon.
             The game lasted 00:04:55 (2119 turns).

Ngotmuk the Skirmisher (Merfolk Fighter)            Turns: 2119, Time: 00:04:55

Health: 0/42       AC:  7    Str: 17    XL:     5   Next: 49%
Magic:  15/15      EV:  8    Int:  7    God:    Okawaru [*.....]
Gold:   106        SH:  9    Dex: 14    Spells: 0 memorised, 4 levels left

rFire  + . .     SeeInvis .     a - +0 long sword
rCold  x . .     Clarity  .     b - +0 scale mail
rNeg   . . .     SustAb   .     c - +0 shield
rPois  .         Gourm    .     (no helmet)
rElec  .         Spirit   .     (no cloak)
rCorr  .         Warding  .     u - +0 pair of gloves
rMut   .         Stasis   .     (no boots)
MR     .....                    (no amulet)
Stlth  ..........               p - ring of magical power
                                n - ring of fire

@: not resistant to hostile enchantments, extremely unstealthy
A: change form in water, swift swim
a: Heroism, Renounce Religion


You were on level 3 of the Dungeon.
You worshipped Okawaru.
Okawaru was aware of your devotion.
You were not hungry.

You visited 1 branch of the dungeon, and saw 3 of its levels.

You collected 106 gold pieces.

Inventory:

Hand weapons
 a - a +0 long sword (weapon)
Armour
 b - a +0 scale mail (worn)
 c - a +0 shield (worn)
 u - a +0 pair of gloves (worn)
Jewellery
 n - a ring of fire (left hand)
 p - a ring of magical power (right hand)
Scrolls
 g - 2 scrolls of random uselessness {unknown}
 i - a scroll of recharging {unknown}
 j - a scroll of enchant armour {unknown}
 l - 4 scrolls of identify {unknown}
 o - a scroll of teleportation {unknown}
 s - a scroll of blinking {unknown}
 v - 2 scrolls of remove curse {unknown}
Potions
 e - a potion of might
 h - a potion of flight {unknown}
 k - a potion of brilliance {unknown}
 m - a potion of lignification {unknown}
 r - a potion of curing {unknown}
 t - 3 potions of mutation {unknown}
Comestibles
 d - 2 bread rations
 f - a meat ration
 q - a royal jelly


   Skills:
 + Level 4.0 Fighting
 + Level 3.5 Long Blades
 + Level 2.5 Armour
 + Level 2.4 Dodging
 + Level 3.6 Shields
 + Level 1.4 Invocations


You had 4 spell levels left.
You didn't know any spells.

Dungeon Overview and Level Annotations

Branches:
Dungeon (3/15)

Altars:
Okawaru
Sif Muna


Message History

The orc hits you.
Your shield and scale mail prevent you from hitting the orc.
The orc is severely wounded.
The orc priest calls down the wrath of Beogh upon you.
Something smites you!
* * * LOW HITPOINT WARNING * * *
The orc hits you but does no damage.
You hit the orc.
The orc is almost dead.
The orc hits you but does no damage. You block the orc's attack.
You completely miss the orc.
The orc is almost dead.
The orc hits you but does no damage.
You hit the orc!
You kill the orc!
Okawaru accepts your kill.
You can now gain great but temporary skills.
The orc priest calls down the wrath of Beogh upon you.
Something smites you!
You die...

#####..(########
.........(......#####
#####.......)>.....#
##.#.#####.##.....
#.#.#####.##. #
#.#..........
#.#.#####o#.#
######.#.#####[#.# ..
........†..).#@#.#....
....####.###.#.#.#....
#.# #.#.#....._.
.###.###.#...#
.............#
..####.....#.#
#.###)#.# #. #.#.. #.
#.# ..


You could see an orc priest.

Vanquished Creatures
  An orc priest (D:3)
  3 gnolls
  3 adders
  3 worms
  An ooze (D:1)
  4 orcs (D:3)
  3 giant cockroaches
  14 hobgoblins
  12 kobolds
  A ball python (D:1)
  4 bats
  6 goblins
  8 rats
63 creatures vanquished.

Notes
Turn   | Place    | Note
--------------------------------------------------------------
     0 | D:1      | Ngotmuk, the Merfolk Fighter, began the quest for the Orb.
     0 | D:1      | Reached XP level 1. HP: 18/18 MP: 1/1
    38 | D:1      | Reached skill level 1 in Dodging
    55 | D:1      | Reached XP level 2. HP: 21/24 MP: 2/2
   110 | D:1      | Found an iron altar of Okawaru.
   120 | D:1      | Became a worshipper of Warmaster Okawaru
   604 | D:2      | Reached XP level 3. HP: 22/29 MP: 3/3
   943 | D:2      | Found a deep blue altar of Sif Muna.
  1050 | D:2      | Reached XP level 4. HP: 19/35 MP: 4/4
  1461 | D:2      | Reached skill level 1 in Invocations
  1959 | D:3      | Reached XP level 5. HP: 34/42 MP: 6/6
  2089 | D:3      | Reached skill level 4 in Fighting
  2103 | D:3      | Found an iron altar of Okawaru.
  2119 | D:3      | Acquired Okawaru's first power
  2119 | D:3      | Killed from afar by an orc priest

Action                   |  1- 3 |  4- 6 || total
-------------------------+-------+-------++-------
Melee: Long sword        |   114 |   132 ||   246
  Eat: Royal jelly       |       |     2 ||     2
